 Dungeon Crawl Stone Soup version 0.20-a0-470-gbb038bd (webtiles) character file.

43579 Kidiri the Thaumaturge (level 13, -1/73 HPs)
             Began as a Deep Elf Fire Elementalist on Jan 13, 2017.
             Was a High Priest of Vehumet.
             Killed from afar by a frost giant (19 damage)
             ... with a bolt of cold
             ... in an ice cave.
             The game lasted 01:11:01 (23527 turns).

Kidiri the Thaumaturge (DEFE)                      Turns: 23527, Time: 01:11:02

Health: -1/73      AC: 11    Str:  3    XL:     13   Next: 91%
Magic:  11/33      EV: 18    Int: 26    God:    Vehumet [*****.]
Gold:   981        SH:  5    Dex: 15    Spells: 1/41 levels left

rFire  . . .     SeeInvis +     z - +6 war axe of Starshine {pain, rPois MR+}
rCold  + . .     Gourm    .     a - +0 robe
rNeg   . . .     Faith    .     n - +0 buckler
rPois  +         Spirit   .     p - +2 helmet {SInv}
rElec  .         Reflect  .     A - +1 cloak
rCorr  .         Harm     .     e - +2 pair of gloves
MR     ++...                    (no boots)
Stlth  ++........               v - amulet of magic regeneration
                                g - ring of protection from cold
                                (no ring)

@: about to teleport, very slightly contaminated, hasted, very quick
A: weak 1, wild magic 1
a: Renounce Religion


You were in an ice cave.
You worshipped Vehumet.
Vehumet was extremely pleased with you.
You were not hungry.

You visited 3 branches of the dungeon, and saw 17 of its levels.
You also visited: Ossuary and Ice Cave.

You collected 1233 gold pieces.
You spent 252 gold pieces at shops.

Inventory:

Hand Weapons
 b - the +10 spear of Siog Qat {flame, rPois rF++ Str-3 Dex+9}
   (You found it on level 1 of the Lair of Beasts)

   It has been specially enchanted to burn those struck by it, causing extra
   injury to most foes and up to half again as much damage against particularly
   susceptible opponents.
   It affects your strength (-3).
   It affects your dexterity (+9).
   It greatly protects you from fire.
   It protects you from poison.
 k - a +4 dagger of electrocution
 z - the +6 war axe of Starshine (weapon) {pain, rPois MR+}
   (You found it on level 5 of the Dungeon)

   In the hands of one skilled in necromantic magic, it inflicts extra damage on
   living creatures.
   It protects you from poison.
   It affects your resistance to hostile enchantments.
Armour
 a - a +0 robe (worn)
 e - a +2 pair of gloves (worn)
 n - a +0 buckler (worn)
 p - a +2 helmet of see invisible (worn)
 A - a +1 cloak (worn)
Jewellery
 g - a ring of protection from cold (right hand)
 v - an amulet of magic regeneration (around neck)
 y - an uncursed ring of fire
Wands
 o - a wand of lightning (9/15)
 t - a wand of polymorph (15/24)
 u - a wand of disintegration (3/24)
 B - a wand of digging (4/24)
 J - a wand of random effects (32/48)
 K - a wand of lightning (3/15)
 M - a wand of acid (9/15)
Scrolls
 f - a scroll of enchant weapon
 i - 11 scrolls of remove curse
 s - a scroll of fog
 w - 7 scrolls of amnesia
 x - 5 scrolls of teleportation
 D - 7 scrolls of magic mapping
 E - 2 scrolls of fear
 N - a scroll of recharging
 O - a scroll of immolation
Potions
 j - 10 potions of curing
 l - 5 potions of might
 m - 2 potions of cancellation
 q - a potion of brilliance
 r - 2 potions of cure mutation
 C - 2 potions of haste
 G - 3 potions of lignification
 H - 5 potions of agility
 P - a potion of ambrosia {unknown}
Books
 F - a book of Clouds

   Spells                             Type                      Level
   a - Poisonous Vapours              Poison/Air                   2
   b - Mephitic Cloud                 Conjuration/Poison/Air       3
   c - Conjure Flame                  Conjuration/Fire             3
   d - Freezing Cloud                 Conjuration/Ice/Air          6
   e - Ring of Flames                 Charms/Fire                  7
Miscellaneous
 Q - a lamp of fire
Comestibles
 c - 5 bread rations
 d - 9 meat rations
 h - 8 slices of pizza
 L - a royal jelly


   Skills:
 + Level 5.5 Fighting
 + Level 6.9 Short Blades
 + Level 5.7 Armour
 + Level 8.8 Dodging
 - Level 2.4 Stealth
 + Level 5.3 Shields
 * Level 14.8 Spellcasting
 + Level 9.1 Conjurations
 + Level 10.0 Fire Magic
 + Level 2.8 Ice Magic
 + Level 4.9 Air Magic
 + Level 5.3 Earth Magic
 + Level 2.4 Poison Magic
 + Level 5.8 Evocations


You had one spell level left.
You knew the following spells:

 Your Spells              Type           Power        Failure   Level  Hunger
a - Flame Tongue          Conj/Fire      #####        1%          1    None
b - Throw Flame           Conj/Fire      ######       1%          2    None
c - Conjure Flame         Conj/Fire      ######..     1%          3    None
d - Inner Flame           Hex/Fire       ######..     1%          3    None
e - Sticky Flame          Conj/Fire      ######..     1%          4    None
f - Fireball              Conj/Fire      ######....   1%          5    #......
g - Delayed Fireball      Conj/Fire      N/A          21%         7    ######.
h - Stone Arrow           Conj/Erth      ######       1%          3    None
i - Lee's Rapid Deconstr  Erth           ######....   4%          5    #......
j - Freezing Cloud        Conj/Ice/Air   ######....   19%         6    ####...
k - Mephitic Cloud        Conj/Pois/Air  ######..     1%          3    None
l - Static Discharge      Conj/Air       ######..     1%          3    None


Dungeon Overview and Level Annotations

Branches:
Dungeon (10/15)            Temple (1/1) D:6            Lair (6/6) D:10
 Shoals (0/4) Lair:3        Snake (0/4) Lair:3        Slime (0/5) Lair:6
    Orc (0/2) D:10

Altars:
Ashenzari
Cheibriados
Dithmenos
Elyvilon
Fedhas
Gozag
Hepliaklqana
Kikubaaqudgha
Makhleb
Nemelex Xobeh
Okawaru
Qazlal
Ru
Sif Muna
Trog
Uskayaw
Vehumet
Xom
Yredelemnul
Zin
The Shining One

Shops:
D:4 ?   D:8 }:

Portals:
Trove: D:10 (give +2 gold dragon scales)

Annotations:
Lair:6 exclusion: oklob plant


Innate Abilities, Weirdness & Mutations

You are weak. (Str -2)
Your spells are a little harder to cast, but a little more powerful.


Message History

Aim: a frost giant, wielding a battleaxe of freezing (moderately wounded)
The sticky flame hits the frost giant.
The frost giant is moderately wounded.
The frost giant is covered in liquid flames!
The frost giant burns!
The frost giant hits you with a battleaxe of freezing!!
The frost giant freezes you!
* * * LOW HITPOINT WARNING * * *
Okay, then.
Unknown command.
You feel yourself speed up.
The frost giant burns!
The frost giant gestures at you while chanting.
The bolt of cold misses you.
You are very lightly contaminated with residual magic.
Unknown command.
As you read the scroll of teleportation, it crumbles to dust.
You feel strangely unstable.
The frost giant burns!
The frost giant gestures at you while chanting.
The bolt of cold hits you! You resist.
You die...

#.YC.. #.... ##.Y. ##..#
###≈≈≈##..## .##≈≈≈###..###
##≈≈≈≈≈≈##.†.### ###
#≈≈≈≈≈≈≈≈#.##YC#####.###
#≈≈≈≈≈≈≈≈≈≈.#.#.@##.#..###
#≈≈≈≈≈≈h##.#(####..####..#
##≈≈≈≈≈≈≈##..####### #..###
###≈≈≈# ####...### ##...##
##≈≈≈######....#...###..⌠≈.#
#≈≈##..##.....####..###...##
≈######......## ##......##
## ######## ########


You could see a frost giant (burning) and a yak.

Vanquished Creatures
  The ghost of kal9871 the Geomancer, a journeyman DEEE of Sif Muna (IceCv)
  6 hydras
  Erica (Lair:1)
  2 two-headed ogres
  Urug (Lair:4)
  3 death yaks (Lair:3)
  7 oklob plants (Lair:5)
  A manticore (Lair:3)
  An ice statue (IceCv)
  2 black mambas (Lair:2)
  6 spiny frogs
  7 komodo dragons
  A kobold demonologist (D:10)
  Grinder (D:6)
  18 polar bears
  2 trolls (D:9)
  A slime creature (Lair:6)
  14 blink frogs
  7 hippogriffs
  Sigmund (D:6)
  3 wyverns
  2 fire bats (Lair:6)
  Eustachio (D:5)
  A human (D:9)
  A wraith (D:10)
  Grum (D:9)
  2 basilisks
  54 yaks
  3 hogs (D:9)
  A soldier ant (D:8)
  7 water moccasins
  4 porcupines
  An orc warrior (D:6)
  4 black bears
  6 ogres
  A phantom (D:6)
  19 wolves
  4 boggarts (D:10)
  7 centaurs
  10 crocodiles
  Blork the orc (D:5)
  3 bullfrogs
  A gnoll sergeant (D:6)
  4 scorpions
  5 killer bees (D:7)
  5 wights (D:9)
  2 electric eels (Lair:5)
  2 howler monkeys (D:4)
  4 crimson imps
  3 lava snakes (Lair:3)
  2 quasits
  5 hounds
  2 jellies (Lair:6)
  3 orc priests
  3 bullfrog skeletons
  6 orc wizards
  2 centaur zombies
  A centaur skeleton (D:9)
  2 iguanas
  6 worker ants
  8 mummies (Ossuary)
  A howler monkey zombie (D:9)
  Robin (D:2)
  A worker ant zombie (D:9)
  8 adders
  14 gnolls
  2 oozes
  An adder zombie (D:6)
  A dart slug (D:1)
  2 worms
  5 leopard geckos
  16 orcs
  A ball python (D:3)
  3 giant cockroaches
  18 goblins
  8 hobgoblins
  14 jackals
  2 quokkas
  8 bats
  4 frilled lizards
  3 gnoll zombies (Ossuary)
  A hobgoblin zombie (Ossuary)
  8 kobolds
  2 kobold zombies (Ossuary)
  A leopard gecko skeleton (D:4)
  A leopard gecko zombie (D:5)
  2 orc zombies (Ossuary)
  16 rats
  2 bushes (D:8)
  3 fungi (Lair:5)
  4 plants
438 creatures vanquished.

Vanquished Creatures (others)
  A yak (IceCv)
  2 wolves (IceCv)
  A fire vortex (D:6)
  9 fungi
  8 plants
21 creatures vanquished.

Grand Total: 459 creatures vanquished

Notes
Turn   | Place    | Note
-------+----------+-------------------------------------------
     0 | D:1      | Kidiri the Deep Elf Fire Elementalist began the quest for the Orb.
     0 | D:1      | Reached XP level 1. HP: 10/10 MP: 6/6
   277 | D:1      | Reached XP level 2. HP: 15/15 MP: 3/8
   282 | D:1      | Learned a level 2 spell: Throw Flame
   982 | D:1      | Reached skill level 4 in Spellcasting
  1070 | D:1      | Reached XP level 3. HP: 19/19 MP: 8/10
  1075 | D:1      | Learned a level 3 spell: Conjure Flame
  1079 | D:1      | Learned a level 3 spell: Inner Flame
  1276 | D:2      | Found a shimmering altar of Xom.
  1339 | D:2      | Reached XP level 4. HP: 24/24 MP: 12/12
  1447 | D:2      | Noticed Robin
  1787 | D:2      | Killed Robin
  1787 | D:2      | Reached skill level 5 in Spellcasting
  1878 | D:2      | Learned a level 4 spell: Sticky Flame
  1935 | D:3      | Reached XP level 5. HP: 27/28 MP: 0/14
  2065 | D:3      | Noticed a two-headed ogre
  2084 | D:3      | Found a shadowy altar of Dithmenos.
  2085 | D:3      | Found a blossoming altar of Fedhas.
  2317 | D:3      | Found an opulent altar of Gozag.
  2514 | D:3      | Killed a two-headed ogre
  2514 | D:3      | Reached skill level 8 in Spellcasting
  2514 | D:3      | Reached skill level 5 in Fire Magic
  2514 | D:3      | Reached XP level 6. HP: 9/32 MP: 10/19
  2514 | D:3      | Reached XP level 7. HP: 11/36 MP: 10/20
  2521 | D:3      | Learned a level 5 spell: Fireball
  2984 | D:4      | Reached skill level 9 in Spellcasting
  2987 | D:4      | Reached skill level 5 in Conjurations
  2987 | D:4      | Reached XP level 8. HP: 39/41 MP: 15/23
  3193 | D:4      | Noticed a two-headed ogre
  3214 | D:4      | Killed a two-headed ogre
  3214 | D:4      | Reached skill level 1 in Fighting
  3214 | D:4      | Reached skill level 1 in Short Blades
  3214 | D:4      | Reached skill level 1 in Armour
  3214 | D:4      | Reached skill level 10 in Spellcasting
  3647 | D:4      | Found a basalt altar of Yredelemnul.
  3648 | D:4      | Found Zajiew's Magic Scroll Shop.
  3686 | D:4      | Bought a scroll of blinking for 82 gold pieces
  3686 | D:4      | Bought a scroll of teleportation for 33 gold pieces
  3686 | D:4      | Bought a scroll of identify for 22 gold pieces
  3686 | D:4      | Bought a scroll of teleportation for 33 gold pieces
  3686 | D:4      | Bought a scroll of enchant armour for 82 gold pieces
  4134 | D:5      | Entered Level 5 of the Dungeon
  4185 | D:5      | Reached XP level 9. HP: 48/48 MP: 17/25
  4193 | D:5      | Got a shimmering war axe
  4194 | D:5      | Identified the +6 war axe of Starshine {pain, rPois MR+} (You found it on level 5 of the Dungeon)
  4316 | D:5      | Noticed Blork the orc
  4322 | D:5      | Killed Blork the orc
  4545 | D:5      | Noticed Eustachio
  4551 | D:5      | Killed Eustachio
  4896 | D:5      | Found a stormy altar of Qazlal.
  5266 | D:6      | Found a basalt altar of Yredelemnul.
  5339 | D:6      | Found a staircase to the Ecumenical Temple.
  5351 | Temple   | Entered the Ecumenical Temple
  5690 | Temple   | Became a worshipper of Vehumet
  5798 | D:6      | Reached skill level 1 in Shields
  5950 | D:6      | Noticed Grinder
  5952 | D:6      | Noticed Sigmund
  5962 | D:6      | Killed Sigmund
  5962 | D:6      | Reached skill level 11 in Spellcasting
  5964 | D:6      | Paralysed by Grinder for 7 turns
  5972 | D:6      | Killed Grinder
  5972 | D:6      | Reached skill level 5 in Dodging
  5972 | D:6      | Reached skill level 1 in Evocations
  6584 | D:7      | Reached XP level 10. HP: 55/55 MP: 17/27
  6869 | D:7      | Reached * piety under Vehumet
  6869 | D:7      | Offered knowledge of Magic Dart by Vehumet.
  7305 | D:8      | Found a burning altar of Makhleb.
  7305 | D:8      | Found a glowing silver altar of Zin.
  7306 | D:8      | Noticed an angel
  7306 | D:8      | Noticed a cacodemon
  7404 | D:8      | Found a sand-covered staircase.
  7410 | Ossuary  | Entered an ossuary
  7850 | D:8      | Found Ohuariq's Book Shop.
  7952 | D:8      | Found a sacrificial altar of Ru.
  7987 | D:8      | Found Xekk's Gadget Boutique.
  8028 | D:8      | Found a bloodstained altar of Trog.
  8319 | D:9      | Offered knowledge of Sandblast by Vehumet.
  8320 | D:9      | Reached ** piety under Vehumet
  8397 | D:9      | Gained mutation: Your spells are a little harder to cast, but a little more powerful. [potion of mutation]
  8397 | D:9      | Gained mutation: You are weak. (Str -2) [potion of mutation]
  8402 | D:9      | Found a sparkling altar of Nemelex Xobeh.
  8791 | D:9      | Reached skill level 12 in Spellcasting
  9057 | D:9      | Noticed Grum
  9070 | D:9      | Killed Grum
  9282 | D:9      | Reached XP level 11. HP: 60/60 MP: 23/29
  9632 | D:9      | Learned a level 1 spell: Sandblast
  9758 | D:10     | Entered Level 10 of the Dungeon
  9808 | D:10     | Found a staircase to the Lair.
 10256 | D:10     | Learned a level 3 spell: Stone Arrow
 10262 | D:10     | Learned a level 5 spell: Lee's Rapid Deconstruction
 10319 | D:10     | Reached skill level 1 in Earth Magic
 10541 | D:10     | Offered knowledge of Static Discharge by Vehumet.
 10674 | D:10     | Learned a level 3 spell: Static Discharge
 10700 | D:10     | Found a portal to a secret trove of treasure.
 11081 | D:10     | Found a staircase to the Orcish Mines.
 11167 | Lair:1   | Entered Level 1 of the Lair of Beasts
 11185 | Lair:1   | Got a dazzling spear
 11186 | Lair:1   | Lost strength.
 11186 | Lair:1   | Identified the +10 spear of Siog Qat {flame, rPois rF++ Str-3 Dex+9} (You found it on level 1 of the Lair of Beasts)
 11195 | Lair:1   | Reached *** piety under Vehumet
 11675 | Lair:1   | Reached skill level 1 in Air Magic
 11805 | Lair:1   | Noticed Erica
 11811 | Lair:1   | Killed Erica
 12341 | Lair:2   | Noticed a six-headed hydra
 12349 | Lair:2   | Killed a six-headed hydra
 12349 | Lair:2   | Reached skill level 5 in Short Blades
 12402 | Lair:2   | Noticed a seven-headed hydra
 12407 | Lair:2   | Killed a seven-headed hydra
 12535 | Lair:2   | Reached skill level 13 in Spellcasting
 13036 | Lair:2   | Offered knowledge of Iskenderun's Mystic Blast by Vehumet.
 13036 | Lair:2   | Reached XP level 12. HP: 67/67 MP: 21/31
 13997 | Lair:3   | Noticed a death yak
 14226 | Lair:3   | Noticed a death yak
 14463 | Lair:3   | Found a staircase to the Snake Pit.
 14493 | Lair:3   | Found a staircase to the Shoals.
 14962 | Lair:3   | Killed a death yak
 14967 | Lair:3   | Noticed a death yak
 14980 | Lair:3   | Killed a death yak
 15271 | Lair:3   | Killed a death yak
 15687 | Lair:3   | Lost strength.
 15953 | Lair:3   | Noticed a four-headed hydra
 15966 | Lair:3   | Killed a four-headed hydra
 15966 | Lair:3   | Reached skill level 5 in Evocations
 16808 | Lair:4   | Reached skill level 14 in Spellcasting
 16812 | Lair:4   | Reached skill level 5 in Fighting
 17130 | Lair:4   | Noticed Urug
 17158 | Lair:4   | Reached **** piety under Vehumet
 18039 | Lair:4   | Offered knowledge of Fulminant Prism by Vehumet.
 18140 | Lair:4   | Killed Urug
 18140 | Lair:4   | Reached skill level 5 in Armour
 18162 | Lair:4   | Reached XP level 13. HP: 32/72 MP: 18/33
 19078 | Lair:5   | HP: 2/72 [komodo dragon (34)]
 20252 | Lair:5   | Learned a level 6 spell: Freezing Cloud
 20256 | Lair:5   | Learned a level 3 spell: Mephitic Cloud
 21045 | Lair:5   | Reached skill level 1 in Poison Magic
 21045 | Lair:5   | Reached skill level 5 in Shields
 21306 | Lair:6   | Entered Level 6 of the Lair of Beasts
 21356 | Lair:6   | Reached skill level 1 in Ice Magic
 21578 | Lair:6   | Reached ***** piety under Vehumet
 21578 | Lair:6   | Offered knowledge of Delayed Fireball by Vehumet.
 21582 | Lair:6   | Found a frozen archway.
 21591 | IceCv    | Entered an ice cave
 22150 | IceCv    | Reached skill level 5 in Earth Magic
 22410 | IceCv    | Noticed kal9871's ghost (journeyman DEEE)
 22417 | IceCv    | Killed kal9871's ghost
 22417 | IceCv    | Reached skill level 10 in Fire Magic
 22933 | IceCv    | Learned a level 7 spell: Delayed Fireball
 23171 | IceCv    | Noticed a frost giant
 23527 | IceCv    | Killed from afar by a frost giant

Vault maps used:
D:1:      lightli_arrival_farm
D:2:      xom_teletrap_fun, uniq_robin
D:3:      gammafunk_temple_overflow_pools, first_bread,
          nicolae_gozag_cash_rules_everything_around_me
D:4:      serial_shops, nicolae_shop_crystal, yredelemnul_altar_generic
D:5:      kennysheep_mini_moat, uniq_blork_the_orc, uniq_eustachio
D:6:      basic_altar, uniq_grinder, uniq_sigmund
D:8:      trog_ov_bears_minmay, grunt_temple_overflow_order_and_chaos_2,
          nicolae_overflow_hidden_temple, nicolae_ossuary_entry_monument,
          serial_shops, kennysheep_little_box, shop
D:9:      lemuel_doored_altar, grunt_livestock, minmay_tree_intersection,
          uniq_grum
D:10:     minmay_curly_fans, lair_entry_dummy, orc_0_dummy,
          nicolae_trove_entry_diagonal, kennysheep_nondescript, minivault_10,
          amethyst_killhole
Temple:   minmay_temple_forest_path
Lair:1:   serial_bayou_crossing, uniq_erica
Lair:2:   infiniplex_staircase_pool
Lair:3:   minmay_shoals_entry_beasts, dummy_snake_entry, disabler_island,
          grunt_megastairs_2
Lair:4:   beast_lair_carwin_3, uniq_urug
Lair:5:   hangedman_lair_unloving_vines, dpeg_oklob_1
Lair:6:   evilmike_catoblepas_cave, minmay_slime_entry_pillars,
          portal_ice_cave_entry_pillars_2
Ossuary:  ossuary_tomb_3
IceCv:    ice_cave_caverns_02

Skill      XL: |  1  2  3  4  5  6  7  8  9 10 11 12 13 |
---------------+----------------------------------------+-----
Spellcasting   | 4 5 8 9 10 11 12 13 14 | 14.8
Conjurations   | 2 4 5 6 7 8 9 |  9.1
Fire Magic     | 4 5 6 7 8 9 10 | 10.0
Fighting       | 1 2 3 4 5 |  5.5
Short Blades   | 2 3 4 5 6 |  6.9
Armour         | 1 2 3 4 5 |  5.7
Dodging        | 3 5 6 7 8 |  8.8
Shields        | 1 2 4 5 |  5.3
Evocations     | 1 2 4 5 |  5.8
Earth Magic    | 2 4 5 |  5.3
Air Magic      | 2 3 4 |  4.9
Poison Magic   | 2 |  2.4
Ice Magic      | 2 |  2.8
Stealth        | |  2.4

Action                   |  1- 3 |  4- 6 |  7- 9 | 10-12 | 13-15 || total
-------------------------+-------+-------+-------+-------+-------++-------
Melee: Short sword       |     8 |       |       |       |       ||     8
       Dagger            |    11 |    36 |    22 |    17 |       ||    86
       War axe           |       |       |    91 |   156 |    43 ||   290
 Cast: Flame Tongue      |    35 |    55 |    61 |   113 |    51 ||   315
       Throw Flame       |     5 |    12 |    11 |    65 |    14 ||   107
       Conjure Flame     |       |     1 |     4 |    10 |    10 ||    25
       Sticky Flame      |       |     1 |    23 |   100 |    46 ||   170
       Inner Flame       |       |       |     8 |     7 |     3 ||    18
       Fireball          |       |       |     4 |    17 |    24 ||    45
       Stone Arrow       |       |       |       |    82 |    96 ||   178
       Static Discharge  |       |       |       |    10 |     8 ||    18
  Use: Scroll            |     5 |     1 |    12 |    18 |    10 ||    46
       Potion            |       |       |     1 |     7 |     2 ||    10
 Stab: Sleeping          |     7 |     2 |     3 |     6 |     1 ||    19
  Eat: Chunk             |     1 |     4 |    14 |    16 |     7 ||    42
       Royal jelly       |       |       |       |     1 |       ||     1
       Fruit             |       |       |       |    14 |       ||    14
       Beef jerky        |       |       |       |     6 |       ||     6
       Bread ration      |       |       |       |     2 |       ||     2
       Pizza             |       |       |       |       |     2 ||     2
Armor: Robe              |     8 |    26 |    36 |    88 |    19 ||   177
Dodge: Dodged            |    18 |    59 |   124 |   291 |    61 ||   553
Block: Buckler           |       |       |       |    29 |    15 ||    44
